 Dungeon Crawl Stone Soup version 0.23.0 (webtiles) character file.

Game seed: 12093565370867370939

3117 kaze the Cleaver (level 9, 0/79 HPs)
             Began as a Hill Orc Fighter on Feb 11, 2019.
             Was a Priest of Makhleb.
             Slain by an orc warrior
             ... wielding a +0 glaive
              (2 damage)
             ... in a bailey.
             The game lasted 00:16:45 (7030 turns).

kaze the Cleaver (Hill Orc Fighter)                 Turns: 7030, Time: 00:16:46

Health: 0/79       AC: 15    Str: 35    XL:     9   Next: 91%
Magic:  9/9        EV: 11    Int:  8    God:    Makhleb [***...]
Gold:   539        SH: 14    Dex:  8    Spells: 8/8 levels left

rFire    . . .     SeeInvis +   D - +8 long sword of Greed {slice, rPois Str+8 Dex-2 Stlth-}
rCold    . . .     Gourm    .   c - +2 shield
rNeg     . . .     Faith    .   m - +0 chain mail
rPois    +         Spirit   .   v - +2 helmet
rElec    .         Reflect  .   (no cloak)
rCorr    .         Harm     .   (no gloves)
MR       .....                  h - +0 pair of boots
Stlth    ..........             (no amulet)
HPRegen  0.23/turn              l - ring of see invisible
MPRegen  0.11/turn              C - +3 ring of evasion

@: mighty, studying Shields
A: no striking features
a: Minor Destruction, Lesser Servant of Makhleb, Renounce Religion


You were in a bailey.
You worshipped Makhleb.
Makhleb was most pleased with you.
You were hungry.

You visited 1 branch of the dungeon, and saw 8 of its levels.
You also visited: Bailey.

You collected 539 gold pieces.

Inventory:

Hand Weapons
 D - the +8 long sword of Greed (weapon) {slice, rPois Str+8 Dex-2 Stlth-}
   (You found it on level 7 of the Dungeon)

   It inflicts extra damage upon your enemies.
   It affects your strength (+8).
   It affects your dexterity (-2).
   It protects you from poison.
   It makes you less stealthy.
Missiles
 p - a tomahawk (quivered)
Armour
 c - a +2 shield (worn)
 h - a +0 pair of boots (worn)
 m - a +0 chain mail (worn)
 v - a +2 helmet (worn)
 w - a +0 plate armour
Jewellery
 l - a ring of see invisible (left hand)
 C - a +3 ring of evasion (right hand)
Wands
 s - a wand of disintegration (16)
 A - a wand of polymorph (12)
 B - a wand of digging (12)
Scrolls
 b - 5 scrolls of remove curse
 g - 2 scrolls of teleportation
 r - a scroll of summoning
 t - 2 scrolls of magic mapping
 y - a scroll of enchant weapon {unknown}
 E - a scroll of blinking
Potions
 a - a potion of brilliance {unknown}
 e - 3 potions of curing
 i - a potion of lignification
 j - a potion of ambrosia
 k - a potion of invisibility
 n - a potion of heal wounds {unknown}
 o - a potion of cancellation {unknown}
 q - a potion of resistance {unknown}
 u - a potion of magic {unknown}
 x - a potion of agility {unknown}
Books
 z - a manual of Shields
Comestibles
 f - 13 rations


   Skills:
 + Level 7.5 Fighting
 + Level 4.4 Long Blades
   Level 9.3 Axes
 + Level 0.5 Throwing
 + Level 7.1 Armour
 + Level 1.9 Dodging
 + Level 0.6 Stealth
 + Level 8.1 Shields


You had 8 spell levels left.
You didn't know any spells.
Your spell library contained the following spells:

 Spells                   Type           Power        Failure   Level  Hunger
 Animate Skeleton         Necr           N/A          98%         1    ##.....
 Apportation              Tloc           #.....       98%         1    ##.....
 Confusing Touch          Hex            #.....       98%         1    ##.....
 Summon Small Mammal      Summ           #...         98%         1    ##.....


Dungeon Overview and Level Annotations

Branches:
Dungeon (8/15)             Temple (0/1) D:6
   Lair: D:8-11

Altars:
Cheibriados
Dithmenos
Fedhas
Gozag
Kikubaaqudgha
Makhleb
Uskayaw
Wu Jian
Xom
Yredelemnul
The Shining One


Message History

You kill the orc warrior!
Makhleb accepts your kill.
Your Shields skill increases to level 8!
The orc warrior hits you with a +0 spear!!
* * * LOW HITPOINT WARNING * * *
The orc knight barely misses you. You block the orc warrior's attack.
You slash the orc warrior!
The orc warrior is heavily wounded.
You block the orc warrior's attack. x2; The orc knight barely misses you.
You completely miss the orc warrior.
The orc warrior is heavily wounded.
The orc warrior hits you with a +0 glaive!
* * * LOW HITPOINT WARNING * * *
The orc warrior hits you with a +0 spear!
* * * LOW HITPOINT WARNING * * *
The orc knight hits you but does no damage.
You hit the orc warrior.
The orc warrior is severely wounded.
The orc warrior hits you with a +0 glaive.
You die...

...≈≈≈ ######### ......
##.......## ......
##..#'#'#..## ......
#..##)#)##..#
.........##.#########.#
.........##.')#?.)#)'.#
.........##.###o8.###.#
.........##.()#o)o#)'.#
.........##(####@####.#
.........##((##∩.∩##..#
........(....##'''#..##
.(.((.((((.(.##.....##
.(.≈≈≈≈≈..(((##....##
..≈≈#o#≈≈.(..#######
..≈##.o#≈..).......
..≈..^.o≈..........
..≈##.##≈..........


You could see an orc knight and 2 orc warriors.

Vanquished Creatures
  Psyche (D:8)
  Grum (D:8)
  A sky beast (D:5)
  4 orc warriors
  3 ogres
  4 wolves (D:8)
  3 centaurs
  2 bullfrogs
  4 scorpions
  A water moccasin skeleton (D:4)
  3 killer bees (D:7)
  3 crimson imps
  A hound (D:8)
  7 orc priests
  4 orc wizards
  Natasha (thrice) (D:3)
  4 worker ants
  A hound skeleton (D:4)
  A worker ant zombie (D:5)
  3 gnolls (D:2)
  5 adders
  An ooze (D:7)
  2 adder skeletons
  3 worms
  2 dart slugs
  4 leopard geckos
  35 orcs
  3 ball pythons
  10 giant cockroaches
  2 gnoll zombies (D:5)
  12 goblins
  10 hobgoblins
  10 jackals
  6 kobolds
  2 quokkas (D:3)
  7 bats
  3 frilled lizards
  A jackal skeleton (D:5)
  2 leopard gecko skeletons
  6 rats
180 creatures vanquished.

Notes
Turn   | Place    | Note
-------+----------+-------------------------------------------
     0 | D:1      | kaze the Hill Orc Fighter began the quest for the Orb.
     0 | D:1      | Reached XP level 1. HP: 19/19 MP: 1/1
   122 | D:1      | Reached XP level 2. HP: 20/27 MP: 2/2
   561 | D:1      | Reached XP level 3. HP: 31/33 MP: 3/3
   575 | D:1      | Reached skill level 3 in Axes
  1397 | D:2      | Reached XP level 4. HP: 39/40 MP: 4/4
  1869 | D:2      | Found a burning altar of Makhleb.
  1881 | D:2      | Reached skill level 4 in Axes
  1894 | D:2      | Became a worshipper of Makhleb the Destroyer
  2066 | D:3      | Reached XP level 5. HP: 38/46 MP: 5/5
  2173 | D:3      | Noticed Natasha
  2187 | D:3      | Killed Natasha
  2308 | D:3      | Reached * piety under Makhleb
  2358 | D:3      | Noticed Natasha
  2375 | D:3      | Killed Natasha
  2552 | D:3      | Reached XP level 6. HP: 43/53 MP: 6/6
  2583 | D:3      | Found a glowing drain.
  2589 | D:3      | Reached skill level 5 in Axes
  2877 | D:3      | Found an ornate altar of the Wu Jian Council.
  2878 | D:3      | Noticed Natasha
  2882 | D:3      | Killed Natasha
  3215 | D:4      | Reached skill level 1 in Dodging
  3294 | D:4      | Reached skill level 5 in Shields
  3503 | D:4      | Reached skill level 6 in Axes
  3503 | D:4      | Reached XP level 7. HP: 21/60 MP: 7/7
  3506 | D:4      | Reached skill level 5 in Armour
  3853 | D:4      | Reached skill level 5 in Fighting
  3932 | D:5      | Entered Level 5 of the Dungeon
  4100 | D:5      | Reached skill level 7 in Axes
  4262 | D:5      | Reached XP level 8. HP: 60/69 MP: 8/8
  4273 | D:5      | Found a shadowy altar of Dithmenos.
  4517 | D:5      | Found a basalt altar of Yredelemnul.
  4746 | D:5      | Found a shimmering altar of Xom.
  4746 | D:5      | Found a burning altar of Makhleb.
  4751 | D:5      | Found a hide-covered altar of Uskayaw.
  4753 | D:5      | Found a glowing golden altar of the Shining One.
  4755 | D:5      | Found a snail-covered altar of Cheibriados.
  4933 | D:6      | Reached ** piety under Makhleb
  5021 | D:6      | Reached skill level 8 in Axes
  5345 | D:6      | Found a staircase to the Ecumenical Temple.
  5503 | D:6      | Reached skill level 9 in Axes
  5656 | D:7      | Found an opulent altar of Gozag.
  5716 | D:7      | Reached XP level 9. HP: 65/78 MP: 9/9
  5765 | D:7      | Got a twisted long sword
  5766 | D:7      | Identified the +8 long sword of Greed {slice, rPois Str+8
                  | Dex-2 Stlth-} (You found it on level 7 of the Dungeon)
  5956 | D:7      | Found an ancient bone altar of Kikubaaqudgha.
  6042 | D:7      | Found a blossoming altar of Fedhas.
  6249 | D:8      | Noticed Grum
  6252 | D:8      | Reached skill level 1 in Long Blades
  6279 | D:8      | Killed Grum
  6641 | D:8      | Noticed Psyche
  6647 | D:8      | Paralysed by Psyche for 3 turns
  6653 | D:8      | Killed Psyche
  6864 | D:8      | Found a flagged portal.
  6887 | Bailey   | Entered a bailey
  6977 | Bailey   | Reached *** piety under Makhleb
  7022 | Bailey   | Noticed an orc knight
  7029 | Bailey   | HP: 1/79 [orc warrior/+0 spear (8)]
  7030 | Bailey   | Slain by an orc warrior

Skill      XL: |  1  2  3  4  5  6  7  8  9 |
---------------+----------------------------+-----
Fighting       | 4 5 6 7 |  7.5
Axes           | 3 4 6 7 9 |  9.3
Armour         | 4 5 6 7 |  7.1
Shields        | 4 5 6 8 |  8.1
Dodging        | 1 |  1.9
Long Blades    | 4 |  4.4
Throwing       | |  0.5
Stealth        | |  0.6

Action                   |  1- 3 |  4- 6 |  7- 9 || total
-------------------------+-------+-------+-------++-------
Melee: War axe           |   124 |   254 |   112 ||   490
       Broad axe         |       |       |    58 ||    58
       Long sword        |       |       |   105 ||   105
Throw: Tomahawk          |       |     2 |     1 ||     3
Invok: Minor Destruction |       |       |     1 ||     1
  Use: Scroll            |       |     8 |     9 ||    17
       Potion            |       |     2 |     3 ||     5
  Eat: Chunk             |       |     5 |     5 ||    10
       Ration            |       |     1 |     2 ||     3
Armor: Scale mail        |   103 |    16 |       ||   119
       Chain mail        |       |    89 |    96 ||   185
Dodge: Dodged            |    53 |    48 |    82 ||   183
Block: Shield            |    77 |   168 |   221 ||   466
       Rpst.: Long sword |       |       |    11 ||    11
